AoeStats
← NDF

Black Forest

506264209Analyzed
2v2 RM · 19d ago on Sep 13, 2026· 33m 19s· 4 players
Game mode
Random Map
Map size
Medium (4 player)
Population
200
Speed
Normal
Resources
Standard
Victory
Conquest
Starting age
Dark Age
Ending age
Imperial Age
RankedLock teamsTeams togetherTeam positionsShared explorationLock speedFull tech treeHidden civsTurbo modeCheats
Victory
Defeat
🇵🇪 Slavs · Peru
842
+14
🇨🇦 Japanese · Canada
776
+16
🇦🇷 Teutons · Argentina
790
-15
🇦🇷 Spanish · Argentina
788
-15
NDF
3:15 Loom
13:59 Feudal Age
14:45 Arson
21:05 Castle Age
18:52 Horse Collar
20:09 Double-Bit Axe
21:14 Gold Mining
21:20 Stone Mining
22:02 Squires
23:37 Padded Archer Armor
23:28 Fletching
26:48 Heavy Plow
26:31 Crossbowman
30:59 Pikeman
estebanpa
2:20 Loom
13:28 Feudal Age
16:37 Double-Bit Axe
16:35 Horse Collar
17:26 Forging
17:17 Scale Mail Armor
17:43 Arson
21:36 Scale Barding Armor
24:20 Castle Age
22:56 Stone Mining
23:05 Gold Mining
25:11 Heavy Plow
25:43 Bow Saw
29:41 Imperial Age
28:03 Stone Shaft Mining
30:47 Murder Holes
31:15 Ballistics
32:22 Two-Man Saw
32:41 Iron Casting
Templario_123_1
0:27 Loom
13:40 Feudal Age
19:04 Castle Age
16:57 Double-Bit Axe
17:24 Horse Collar
18:24 Stone Mining
20:20 Bow Saw
23:51 Wheelbarrow
23:55 Gold Mining
26:24 Hand Cart
26:32 Murder Holes
27:25 Squires
28:04 Caravan
34:16 Imperial Age
33:43 Fortified Wall
aelenon
8:19 Loom
14:55 Feudal Age
20:26 Castle Age
19:06 Horse Collar
21:54 Heavy Plow
21:45 Double-Bit Axe
Connection lost

Rejoining the realm…

Still unreachable

The connection could not be restored.

Session expired

The server has moved on; the page needs a fresh start.